 Dungeon Crawl Stone Soup version 0.28-a0-1555-g9ae15a6949 (webtiles) character file.

Game seed: 11379915986689309311

2 HallandMoats the Skirmisher (level 1, 0/19 HPs)
             Began as a Ghoul Monk on Jan 18, 2022.
             Was a Believer of Vehumet.
             Slain by a quokka (4 damage)
             ... on level 2 of the Dungeon.
             The game lasted 00:00:31 (149 turns).

HallandMoats the Skirmisher (Ghoul Monk)             Turns: 149, Time: 00:00:32

Health: 0/19       AC:  2    Str: 14    XL:     1   Next: 30%
Magic:  0/0        EV: 12    Int:  5    God:    Vehumet [**....]
Gold:   0          SH:  0    Dex: 11    Spells: 0/0 levels left

rFire   . . .      SeeInvis .     - Unarmed
rCold   + . .      Faith    .   (no shield)
rNeg    + + +      Spirit   .   a - +0 robe
rPois   ∞          Reflect  .   (no helmet)
rElec   .          Harm     .   (no cloak)
rCorr   .          Rampage  .   (no gloves)
Will    .....                   (no boots)
Stlth   ++........              (no amulet)
HPRegen 0.00/turn               (no ring)
MPRegen 0.07/turn               (no ring)

@: inhibited regen
A: claws 1, cold resistance 1, negative energy resistance 3, inhibited
regeneration, torment resistance 2
a: Renounce Religion


You were on level 2 of the Dungeon.
You worshipped Vehumet.
Vehumet was pleased with you.
You visited 1 branch of the dungeon, and saw 2 of its levels.

Inventory:

Armour
 a - a +0 robe (worn)


   Skills:
 * Level 3.3 Fighting
 * Level 0.1 Slings
 + Level 0.0 Armour
 + Level 2.7 Dodging
 - Level 2.1 Stealth
 - Level 3.2 Unarmed Combat
 + Level 0.1 Invocations


You couldn't memorise any spells.
You didn't know any spells.
Your spell library was empty.

Dungeon Overview and Level Annotations

Branches:
Dungeon (1/15)

Altars:
Vehumet


Innate Abilities, Weirdness & Mutations

You thrive by killing the living.
You are immune to poison.
You have sharp fingernails.
Your flesh is cold resistant. (rC+)
You are immune to negative energy. (rN+++)
You do not regenerate when monsters are visible.
You are immune to unholy pain and torment.


Message History

No target in view!
No target in view!
No target in view!
No target in view!
No target in view!
No target in view!
No target in view!
No target in view!
No target in view!
No target in view!
A sourceless malevolence fills the Dungeon...
You fall into a shaft and drop 1 floor!
The shaft crumbles and collapses.
Found a faded altar of an unknown god.
There is a faded altar of an unknown god here.
You cannot tell which god this altar belongs to.
Convert to them anyway?
Vehumet accepts your prayer! Vehumet welcomes you!
You can now gain magical power from killing.
Vehumet offers you knowledge of Foxfire.
A quokka comes into view.
The quokka bites you. The quokka misses you. The quokka bites you.
The quokka barely misses you. The quokka bites you.
The quokka barely misses you. The quokka bites you. The quokka bites you.
The quokka barely misses you.
The quokka twitches its whiskers.
The quokka barely misses you. The quokka barely misses you.
The quokka bites you.
* * * LOW HITPOINT WARNING * * *
The quokka barely misses you. The quokka barely misses you. x2
The quokka closely misses you. The quokka closely misses you.
The quokka misses you. The quokka bites you.
You die...

### #.. #.#######.
#.^r...... #.@# #..#
#..# #.######..#
#.........#
######.##.###########
....#...............
#...P...P...######
#...♣.♣P....#


You could see a quokka.

Vanquished Creatures
  An endoplasm (D:1)
  A rat (D:1)
2 creatures vanquished.

Notes
Turn   | Place    | Note
-------+----------+-------------------------------------------
     0 | D:1      | HallandMoats the Ghoul Monk began the quest for the Orb.
     0 | D:1      | Reached XP level 1. HP: 19/19 MP: 0/0
   104 | D:1      | You fall into a shaft and drop 1 floor!
   107 | D:2      | Found a faded altar of an unknown god.
   115 | D:2      | Prayed at the altar of an unknown god.
   115 | D:2      | Became a worshipper of Vehumet
   115 | D:2      | Reached * piety under Vehumet
   115 | D:2      | Offered knowledge of Foxfire by Vehumet.
   115 | D:2      | Reached ** piety under Vehumet
   149 | D:2      | Slain by a quokka

Illustrated notes

Levels and vault maps discovered:
D:1:      dpeg_arrival_court, layout_basic, corexii_item_surrounded_by_moat,
          hangedman_decor_clover_reticule, st_stairs_9
D:2:      layout_basic, basic_altar, dreamdust_ecumenical_altar_grove,
          feat_on_display

Action                   || total
-------------------------++-------
Melee: Unarmed           ||     6
Dodge: Dodged            ||    14

Table legend: (Time is in decaauts)
 A = Elapsed time spent in this place.
 B = Non-inter-level travel time spent in this place.
 C = Inter-level travel time spent in this place.
 D = Time resting spent in this place.
 E = Time spent auto-exploring this place.
 F = Levels seen in this place.
 G = Mean time per level.
                   A        B        C        D        E       F      G
               +--------+--------+--------+--------+--------+-----+--------+
         Total |    148 |    148 |      0 |      0 |    103 |   2 |   74.0 |
       Dungeon |    148 |    148 |      0 |      0 |    103 |   2 |   74.0 |
               +--------+--------+--------+--------+--------+-----+--------+

Top non-repeatable levels by time:
     D:1: 103 daAuts
     D:2: 44 daAuts
